Map: 이페머론 - 래더

Players

soO - Winner!

  • Race: Zerg Zerg
  • Spawn Location: 5:00

Reynor

  • Race: Zerg Zerg
  • Spawn Location: 11:00

Event: IEM Katowice 2020

VOD

Have the link to the VOD?

Description

Time

  • Played on: Feb. 27, 2020, 1:01 p.m.
  • Length: 7:39

All games in this series

Show
View Real Time Build Order
Export as new Build Order

soO Zerg - Winner!

Build Orders: Hatch First 

Get SALT Encoding   

  12  0:00  Drone  
  13  0:12  Overlord  
  13  0:16  Drone  
  14  0:30  Drone x2  
  16  0:47  Hatchery  
  15  0:51  Drone  
  15  0:55  Drone  
  17  0:58  Drone  
  18  1:09  Extractor  
  17  1:13  Spawning Pool  
  17  1:16  Drone  
  17  1:20  Drone  
  18  1:27  Drone  
  19  1:38  Drone  
  20  1:48  Overlord  
  20  1:59  Queen x2  
  20  2:00  Drone x2  
  26  2:10  Drone x2  
  26  2:11  Metabolic Boost  
  28  2:20  Zergling x2  
  28  2:21  Drone  
  30  2:32  Hatchery  
  30  2:35  Zergling x2  
  30  2:38  Zergling x2  
  30  2:42  Drone  
  32  2:48  Overlord  
  32  2:57  Drone x2  
  34  3:04  Baneling Nest  
  33  3:07  Drone x3  
  33  3:09  Zergling x6  
  39  3:15  Queen  
  39  3:17  Drone  
  43  3:20  Drone  
  43  3:22  Drone  
  44  3:29  Evolution Chamber  
  44  3:31  Drone  
  44  3:37  Overlord  
  44  3:44  Overlord  
  44  3:45  Zergling x6  
  44  3:46  Drone  
  48  3:50  Overlord  
  48  3:55  Drone, Baneling x2  
  48  3:56  Drone x2  
  48  4:00  Drone x2  
  53  4:05  Drone  
  53  4:09  Drone x2  
  56  4:10  Zerg Missile Weapons Level 1  
  56  4:14  Zergling x2  
  56  4:16  Extractor  
  56  4:18  Drone x2  
  56  4:20  Roach Warren  
  56  4:23  Drone x3  
  60  4:25  Extractor  
  59  4:35  Zergling x4  
  58  4:38  Overlord  
  58  4:50  Zergling x2  
  58  4:51  Zergling x2, Baneling  
  58  4:54  Baneling x2  
  58  4:58  Overlord  
  58  5:00  Roach x8  
  58  5:05  Roach x2  
  78  5:08  Roach  
  80  5:15  Roach  
  80  5:17  Overlord  
  80  5:19  Roach x2  
  80  5:21  Roach  
  88  5:23  Overlord  
  88  5:25  Roach  
  88  5:27  Overlord  
  89  5:32  Overlord  
  89  5:42  Zergling x2, Roach x2  
  91  5:43  Zergling x4  
  91  5:50  Roach x5  
  99  5:58  Baneling x2  
  99  5:59  Zergling x10  
  99  6:02  Ravager  
  99  6:03  Zergling x2  
  99  6:04  Zergling x2  
  107  6:09  Zergling x8  
  111  6:13  Zergling x4  
  114  6:18  Ravager  
  114  6:19  Baneling x2  
  114  6:20  Zergling x4, Baneling  
  116  6:29  Zergling x8  
  116  6:32  Zergling x2, Ravager  
  119  6:33  Zergling x4  
  119  6:34  Zergling x4  
  119  6:38  Ravager  
  118  6:40  Zergling x2  
  118  6:41  Zergling x2  
  116  6:47  Roach  
  116  6:48  Roach  
  116  6:49  Zergling x2  
  116  6:52  Zergling x2  
  116  6:54  Roach  
  116  6:55  Roach x2  
  116  6:56  Zergling x2  
  116  6:59  Zergling x4  
  116  7:00  Zergling x6  
  116  7:03  Zergling x4  
  116  7:04  Ravager  
  116  7:07  Zergling x2  
  118  7:12  Zergling x4  
  118  7:14  Ravager  
Show
View Real Time Build Order
Export as new Build Order

Reynor Zerg 

Build Orders: Hatch First 

Get SALT Encoding   

  12  0:00  Drone  
  13  0:12  Overlord  
  13  0:17  Drone  
  14  0:30  Drone x2  
  16  0:47  Hatchery  
  15  0:51  Drone  
  15  0:54  Drone  
  17  0:58  Drone  
  18  1:08  Extractor  
  17  1:13  Spawning Pool  
  17  1:16  Drone  
  17  1:19  Drone  
  18  1:27  Drone  
  19  1:38  Drone  
  20  1:48  Overlord  
  20  2:00  Zergling x4, Queen x2  
  26  2:07  Metabolic Boost  
  26  2:10  Drone  
  26  2:12  Drone  
  28  2:21  Drone x2  
  30  2:35  Hatchery  
  29  2:39  Drone  
  29  2:40  Drone  
  29  2:43  Drone  
  32  2:48  Overlord  
  32  2:56  Drone x2  
  34  3:02  Baneling Nest  
  34  3:04  Drone x2  
  35  3:09  Drone  
  35  3:11  Queen  
  38  3:13  Zergling x2  
  38  3:15  Zergling x2  
  38  3:18  Zergling x2  
  41  3:21  Zergling x4  
  41  3:25  Overlord  
  43  3:30  Zergling x2  
  43  3:34  Overlord  
  43  3:44  Drone x3, Evolution Chamber  
  43  3:46  Drone  
  43  3:47  Drone x2  
  48  3:54  Drone  
  49  3:56  Drone  
  49  3:57  Drone x2  
  49  3:58  Baneling x2  
  49  4:01  Drone x2  
  54  4:10  Drone x3, Zerg Missile Weapons Level 1  
  54  4:13  Queen  
  59  4:22  Zergling x10  
  59  4:23  Zergling x2  
  65  4:28  Baneling x2  
  65  4:29  Overlord  
  64  4:41  Drone x2  
  64  4:43  Lair, Extractor  
  64  4:44  Extractor  
  64  4:46  Roach Warren  
  64  4:51  Drone x2  
  64  4:52  Drone x6  
  68  4:54  Zergling x2  
  68  4:55  Zergling x4  
  68  4:58  Queen  
  73  5:02  Extractor, Baneling x2  
  73  5:03  Drone  
  73  5:05  Overlord  
  73  5:08  Drone  
  74  5:15  Overlord  
  74  5:19  Extractor x2  
  71  5:24  Spine Crawler  
  71  5:25  Spine Crawler, Roach x5  
  80  5:31  Overlord  
  80  5:33  Spine Crawler  
  79  5:36  Roach x3  
  79  5:41  Zergling x2, Roach x2  
  90  5:46  Baneling x2  
  84  5:50  Zergling x8, Roach  
  84  5:53  Roach  
  84  5:55  Zergling x6  
  90  5:59  Zergling x2, Roach  
  90  6:02  Roach  
  95  6:06  Roach  
  95  6:09  Overlord  
  97  6:19  Zergling x2  
  97  6:23  Baneling x4  
  98  6:27  Zergling x10  
  98  6:33  Roach  
  98  6:37  Roach, Queen  
  96  6:40  Roach  
  96  6:42  Roach x3  
  95  6:48  Roach x2  
  89  6:54  Roach x3  
  89  6:55  Roach  
  89  6:58  Zergling x2  
  82  7:02  Roach x2, Queen  
  82  7:07  Roach  
  89  7:12  Roach  
  89  7:13  Roach  
  75  7:18  Roach  
  74  7:29  Roach Warren  

Tags
 
Add a new tag
Caveats
  • Supply blocks, unpowered buildings, or Contaminate may cause inaccurate times.
  • Supply counts are checked every 10 seconds.